 Dungeon Crawl Stone Soup version 0.28-a0-381-g937acc2988 (webtiles) character file.

Game seed: 14279574131348422582

2543 mathmaestro the Grappler (level 9, -5/93 HPs)
             Began as a Troll Monk on Sept 2, 2021.
             Slain by a kobold brigand (14 damage)
             ... on level 7 of the Dungeon.
             The game lasted 00:11:11 (5277 turns).

mathmaestro the Grappler (Troll Monk)               Turns: 5277, Time: 00:11:12

Health: -5/93      AC:  7    Str: 24    XL:     9   Next: 30%
Magic:  8/8        EV: 10    Int:  6    God:
Gold:   188        SH:  0    Dex: 12    Spells: 8/8 levels left

rFire   . . .      SeeInvis .     - Unarmed
rCold   . . .      Faith    .   (no shield)
rNeg    . . .      Spirit   .   b - +0 steam dragon scales
rPois   .          Reflect  .   (helmet restricted)
rElec   .          Harm     .   (no cloak)
rCorr   .          Rampage  .   (gloves unavailable)
Will    .....                   (boots unavailable)
Stlth   ++........              (no amulet)
HPRegen 1.25/turn               (no ring)
MPRegen 0.11/turn               (no ring)

@: lethally poisoned (-5 -> -5), about to teleport, slowed, very slow
A: large, unfitting armour, claws 3, regeneration 1, shaggy fur 1, tough skin 1
a: no special abilities


You were on level 7 of the Dungeon.
You visited 2 branches of the dungeon, and saw 8 of its levels.

You collected 438 gold pieces.
You spent 250 gold pieces at shops.

Inventory:

Hand Weapons
 m - a +4 short sword of protection
Missiles
 l - 4 large rocks (quivered)
Armour
 b - +0 steam dragon scales (worn)
Wands
 h - a wand of polymorph (8)
 j - a wand of paralysis (25)
Scrolls
 d - 2 scrolls of magic mapping
 i - a scroll of fog
 p - a scroll of teleportation
 v - a scroll of enchant weapon
Potions
 a - a potion of berserk rage
 c - a potion of lignification
 e - a potion of flight
 f - 2 potions of invisibility
 g - 2 potions of mutation
 n - a potion of curing
 o - a potion of cancellation
 q - 2 potions of heal wounds
 r - a potion of might
 s - a potion of haste
 t - a potion of ambrosia
 u - a potion of resistance


   Skills:
 + Level 7.5 Fighting
 + Level 1.9 Throwing
 + Level 1.7 Armour
 - Level 3.0 Dodging
 - Level 1.0 Stealth
 + Level 9.1 Unarmed Combat


You had 8 spell levels left.
You didn't know any spells.
Your spell library contained the following spells:

 Spells                   Type           Power      Damage    Failure   Level
 Corona                   Hex            0%         N/A       45%         1
 Ensorcelled Hibernation  Hex/Ice        0%         N/A       58%         2
 Conjure Flame            Conj/Fire      0%         6-21      83%         3
 Ignite Poison            Fire/Tmut/Pois 0%         N/A       83%         3
 Spider Form              Tmut/Pois      0%         N/A       83%         3
 Tukima's Dance           Hex            0%         N/A       83%         3
 Sticky Flame             Conj/Fire      0%         2d3       99%         4
 Summon Ice Beast         Ice/Summ       0%         N/A       99%         4
 Summon Mana Viper        Hex/Summ       0%         N/A       100%        5
 Monstrous Menagerie      Summ           0%         N/A       100%        7


Dungeon Overview and Level Annotations

Branches:
Dungeon (7/15)             Temple (1/1) D:5

Altars:
Ashenzari
Cheibriados
Elyvilon
Fedhas
Gozag
Hepliaklqana
Kikubaaqudgha
Makhleb
Nemelex Xobeh
Okawaru
Qazlal
Ru
Sif Muna
Trog
Uskayaw
Vehumet
Wu Jian
Yredelemnul
Zin
The Shining One

Shops:
D:1 =   D:6 :!=!

Annotations:
D:7 Dittersdorf's ghost, novice GrFi


Innate Abilities, Weirdness & Mutations

You are too large for most types of armour.
You have claws for hands.
Your natural rate of healing is unusually fast.
You are covered in fur. (AC +1)
You have tough skin. (AC +1)


Message History

Unknown command.
You feel extremely sick.
You closely miss the kobold brigand.
You feel very sick.
The kobold demonologist looks braver for a moment.
The kobold brigand hits you with a +0 whip.
You claw the kobold brigand!
The kobold brigand is severely wounded.
You feel very sick.
The kobold brigand closely misses you. x2
You closely miss the kobold brigand.
The kobold brigand is severely wounded.
You feel very sick.
The kobold brigand hits you with a +0 whip.
The kobold brigand hits you with a +4 dagger of distortion.
Space bends around you.
* * * LOW HITPOINT WARNING * * *
Dittersdorf's ghost hits you but does no damage.
You feel sick.
The kobold brigand throws a curare-tipped dart.
The curare-tipped dart barely misses you.
The kobold demonologist mumbles some strange words.
The kobold brigand hits you but does no damage.
You scratch the kobold brigand but do no damage.
Your claw misses the kobold brigand.
You feel sick.
Dittersdorf's ghost screams, "Zot is a myth, the ORB is a fable, you'll soon be a tale!"
The kobold brigand hits you with a +0 whip.
* * * LOW HITPOINT WARNING * * *
The kobold brigand hits you with a +4 dagger of distortion.
* * * LOW HITPOINT WARNING * * *
The kobold brigand barely misses you. x2
As you read the scroll of teleportation, it crumbles to dust.
You feel strangely unstable.
You feel sick.
The kobold brigand barely misses you. x2
The kobold brigand hits you with a +0 short sword!
* * * LOW HITPOINT WARNING * * *
The kobold brigand hits you with a +4 dagger of distortion.
* * * LOW HITPOINT WARNING * * *
Space warps horribly around you!
You die...

....##...≈≈.§§.........##.#
....##...≈≈.≈≈.##########.#
....####.≈≈.≈≈........# #.#
....####.≈...§.######.###.#
.........§.8.≈.# #.....#
...............############
....#......###.......#
##'##......# #.####.##
#.#####'### #KK@K#.#
#.#.......# #WK#K#.#
#.#.......# #KK#K#.#
#.#.......###KK#5#.#
#.#[..........K.<#.##
#.#.....###.........#
#.#.....#...##'''##.#
#.#######.###.....###
#.##......##.#...#.#


You could see a kobold demonologist, 10 kobold brigands, Dittersdorf's ghost and
a shadow imp (summoned).

Vanquished Creatures
  Sigmund (D:3)
  A steam dragon (D:7)
  2 orc warriors
  4 ice beasts
  2 black bears
  3 ogres
  2 centaurs (D:5)
  A water moccasin zombie (D:7)
  3 scorpions
  5 killer bees
  2 bullfrog zombies
  2 hounds
  A centaur skeleton (D:6)
  A jelly (D:4)
  A bullfrog skeleton (D:6)
  A gnoll shaman (D:6)
  4 iguanas (D:6)
  Ijyb (D:3)
  4 orc wizards
  3 gnolls (D:6)
  5 adders
  3 ufetubi
  An adder skeleton (D:4)
  2 worms
  23 orcs
  A ball python (D:1)
  4 bats
  5 endoplasms
  5 giant cockroaches
  3 goblins
  8 hobgoblins
  2 jackals (D:4)
  4 quokkas
  2 frilled lizards
  13 kobolds
  6 rats
131 creatures vanquished.

Vanquished Creatures (others)
  A wizard (D:3)
1 creature vanquished.

Grand Total: 132 creatures vanquished

Notes
Turn   | Place    | Note
-------+----------+-------------------------------------------
     0 | D:1      | mathmaestro the Troll Monk began the quest for the Orb.
     0 | D:1      | Reached XP level 1. HP: 22/22 MP: 0/0
   281 | D:1      | Found Baihoppi's Jewellery Emporium.
   474 | D:1      | Reached XP level 2. HP: 29/29 MP: 1/1
   735 | D:2      | Reached XP level 3. HP: 36/36 MP: 2/2
   796 | D:2      | Found a faded altar of an unknown god.
  1221 | D:3      | Found a white marble altar of Elyvilon.
  1222 | D:3      | Noticed Sigmund
  1248 | D:3      | Killed Sigmund
  1249 | D:3      | Reached skill level 4 in Unarmed Combat
  1249 | D:3      | Reached XP level 4. HP: 40/48 MP: 3/3
  1249 | D:3      | Reached XP level 5. HP: 45/54 MP: 4/4
  1277 | D:3      | Found a glowing golden altar of the Shining One.
  1294 | D:3      | Found a basalt altar of Yredelemnul.
  1310 | D:3      | Found a shimmering blue altar of Sif Muna.
  1740 | D:3      | Noticed Ijyb
  1741 | D:3      | Paralysed by Ijyb for 5 turns
  1751 | D:3      | Paralysed by Ijyb for 2 turns
  1757 | D:3      | Killed Ijyb
  1816 | D:3      | Found a bloodstained altar of Trog.
  1817 | D:3      | Noticed a wizard
  1822 | D:3      | Killed a wizard
  1934 | D:3      | Reached skill level 5 in Unarmed Combat
  1993 | D:4      | Reached XP level 6. HP: 62/62 MP: 5/5
  2319 | D:4      | Reached XP level 7. HP: 68/71 MP: 6/6
  2717 | D:5      | Entered Level 5 of the Dungeon
  2753 | D:5      | Reached skill level 5 in Fighting
  2753 | D:5      | Reached skill level 6 in Unarmed Combat
  2960 | D:5      | Reached skill level 7 in Unarmed Combat
  3073 | D:5      | Reached XP level 8. HP: 67/83 MP: 7/7
  3310 | D:5      | Found a staircase to the Ecumenical Temple.
  3592 | D:6      | Found Ceziv's Distillery.
  3663 | D:6      | Bought a potion of flight for 42 gold pieces
  3663 | D:6      | Bought a potion of heal wounds for 70 gold pieces
  3663 | D:6      | Bought a potion of curing for 42 gold pieces
  3673 | D:6      | Found a blossoming altar of Fedhas.
  3711 | D:6      | Reached skill level 8 in Unarmed Combat
  3764 | D:6      | Found Seno Tei's Jewellery Shoppe.
  3882 | D:6      | Found Leteoz's Distillery.
  3893 | D:6      | Bought a potion of ambrosia for 96 gold pieces
  4036 | D:6      | Found Elyniox's Book Shop.
  4187 | Temple   | Entered the Ecumenical Temple
  4339 | D:6      | Reached XP level 9. HP: 93/93 MP: 8/8
  4401 | D:7      | Noticed a kobold demonologist
  4401 | D:7      | Noticed Dittersdorf's ghost (novice GrFi)
  4401 | D:7      | Found a runed translucent gate.
  4401 | D:7      | Found a runed translucent gate.
  4401 | D:7      | Found a runed translucent gate.
  4414 | D:7      | Found a broken altar of Ashenzari.
  4431 | D:7      | Reached skill level 1 in Throwing
  4517 | D:7      | Reached skill level 1 in Armour
  4592 | D:7      | Reached skill level 9 in Unarmed Combat
  5277 | D:7      | Slain by a kobold brigand

Illustrated notes

Levels and vault maps discovered:
D:1:      scummos_arrival_simple_fountains, layout_loops_ring, serial_shops,
          nicolae_diamond_shop, nrook_mini_backslash
D:2:      layout_basic, dreamdust_ecumenical_altar_angels_and_demons
D:3:      layout_loops_ring, overflow_temple_1_default, trog_wizard,
          minmay_overflow_temple_star_quad, uniq_sigmund, uniq_ijyb
D:4:      layout_basic
D:5:      layout_basic, minmay_temple_entry_from_below_a, grunt_ministairs_12,
          kennysheep_pointless_box
D:6:      layout_rooms, old_standard_altar, serial_shops,
          nicolae_shop_waterfront, shop, kennysheep_mini, nicolae_shop_trees,
          corexii_checkpoint_a
D:7:      layout_basic, mainiacjoe_overflow_catwalk,
          gammafunk_ghost_nasty_kobolds, kennysheep_generic_room_5
Temple:   cyrus_circular_temple

Skill      XL: |  1  2  3  4  5  6  7  8  9 |
---------------+----------------------------+-----
Fighting       | 3 4 5 7 |  7.5
Dodging        | 3 |  3.0
Unarmed Combat | 4 5 7 8 9 |  9.1
Throwing       | 1 |  1.9
Armour         | 1 |  1.7
Stealth        | |  1.0

Action                   |  1- 3 |  4- 6 |  7- 9 || total
-------------------------+-------+-------+-------++-------
Melee: Unarmed           |    74 |   115 |   201 ||   390
       Punch             |       |     3 |     9 ||    12
  Use: Scroll            |       |       |    22 ||    22
       Potion            |       |       |     4 ||     4
 Stab: Sleeping          |     4 |     3 |     1 ||     8
       Distracted        |       |       |     1 ||     1
Armor: Robe              |    15 |    29 |    32 ||    76
       Skin              |     9 |       |       ||     9
       Steam dragon scal |       |       |    15 ||    15
Dodge: Dodged            |    42 |    52 |   117 ||   211

Table legend: (Time is in decaauts)
 A = Elapsed time spent in this place.
 B = Non-inter-level travel time spent in this place.
 C = Inter-level travel time spent in this place.
 D = Time resting spent in this place.
 E = Time spent auto-exploring this place.
 F = Levels seen in this place.
 G = Mean time per level.
                   A        B        C        D        E       F      G
               +--------+--------+--------+--------+--------+-----+--------+
         Total |   5239 |   5048 |    191 |    120 |   3964 |   8 |  654.9 |
       Dungeon |   5180 |   4997 |    183 |    120 |   3922 |   7 |  740.0 |
        Temple |     59 |     51 |      8 |      0 |     42 |   1 |   59.0 |
               +--------+--------+--------+--------+--------+-----+--------+

Top non-repeatable levels by time:
     D:7: 880 daAuts
     D:5: 862 daAuts
     D:4: 758 daAuts
     D:3: 748 daAuts
     D:6: 737 daAuts
     D:1: 603 daAuts
     D:2: 588 daAuts
  Temple: 59 daAuts
